 Dungeon Crawl Stone Soup version 0.26-a0-812-g31a745ddcd (webtiles) character file.

Game seed: 15257223153939900380

109 nicanaca0 the Magician (level 4, -1/32 HPs)
             Began as a Gnoll Wanderer on Nov 22, 2020.
             Killed by nerve-wracking pain
             ... invoked by an orc priest
              (6 damage)
             ... on level 3 of the Dungeon.
             The game lasted 00:04:57 (3588 turns).

nicanaca0 the Magician (Gnoll Wanderer)             Turns: 3588, Time: 00:04:58

Health: -1/32      AC:  4    Str: 16    XL:     4   Next: 89%
Magic:  11/11      EV: 12    Int: 12    God:
Gold:   194        SH:  0    Dex: 16    Spells: 12/13 levels left

rFire    . . .     SeeInvis .   r - -2 bardiche (curse)
rCold    . . .     Faith    .   (shield currently unavailable)
rNeg     . . .     Spirit   .   d - +0 robe
rPois    .         Reflect  .   q - +0 helmet (curse)
rElec    .         Harm     .   (no cloak)
rCorr    .         Rampage  .   l - +0 pair of gloves
MR       .....                  (no boots)
Stlth    +++.......             (no amulet)
HPRegen  0.10/turn              (no ring)
MPRegen  0.12/turn              (no ring)

@: no status effects
A: distributed training, fangs 1, strong nose
a: no special abilities


You were on level 3 of the Dungeon.
You visited 1 branch of the dungeon, and saw 3 of its levels.

You collected 194 gold pieces.

Inventory:

Hand Weapons
 a - a +0 quarterstaff
 e - a +0 dagger
 r - a cursed -2 bardiche (weapon)
Missiles
 i - 95 stones (quivered)
 m - 6 javelins
Armour
 d - a +0 robe (worn)
 l - a +0 pair of gloves (worn)
 q - a cursed +0 helmet (worn)
 t - a cursed -2 cloak
Scrolls
 b - a scroll of enchant weapon {unknown}
 c - 2 scrolls of amnesia {unknown}
 f - 3 scrolls of remove curse {unknown}
 g - a scroll of teleportation {unknown}
 h - 3 scrolls of identify {unknown}
 k - 2 scrolls of fog {unknown}
Potions
 j - a potion of curing {unknown}
 n - a potion of heal wounds {unknown}
 o - a potion of degeneration {unknown}
 p - a potion of magic {unknown}
 s - a potion of lignification {unknown}


   Skills:
 + Level 1.2 Fighting
 + Level 1.2 Short Blades
 + Level 1.2 Long Blades
 + Level 1.2 Axes
 + Level 1.2 Maces & Flails
 + Level 4.7 Polearms
 + Level 1.2 Staves
 + Level 1.2 Slings
 + Level 1.2 Bows
 + Level 1.2 Crossbows
 + Level 2.8 Throwing
 + Level 1.2 Armour
 + Level 1.2 Dodging
 + Level 4.3 Stealth
 + Level 1.2 Shields
 + Level 1.2 Unarmed Combat
 + Level 5.1 Spellcasting
 + Level 1.0 Conjurations
 + Level 1.0 Hexes
 + Level 1.0 Summonings
 + Level 1.0 Necromancy
 + Level 1.0 Translocations
 + Level 3.9 Transmutations
 + Level 1.0 Fire Magic
 + Level 1.0 Ice Magic
 + Level 1.0 Air Magic
 + Level 1.0 Earth Magic
 + Level 2.3 Poison Magic
 + Level 1.4 Invocations
 + Level 1.2 Evocations


You had 12 spell levels left.
You knew the following spells:

 Your Spells              Type           Power        Failure   Level
a - Sandblast             Erth           #.....       13%         1

Your spell library contained the following spells:

 Spells                   Type           Power        Failure   Level
 Passwall                 Tmut/Erth      #.......     11%         2
 Stone Arrow              Conj/Erth      #.....       36%         3
 Petrify                  Tmut/Erth      #.......     56%         4
 Lee's Rapid Deconstruct  Erth           #.........   98%         5


Dungeon Overview and Level Annotations

Branches:
Dungeon (3/15)

Altars:


Innate Abilities, Weirdness & Mutations

Your experience applies equally to all skills.
You have very sharp teeth.
Your uncanny sense of smell can sniff out nearby items.


Message History

The leopard gecko misses you.
You closely miss the orc priest. The orc priest barely misses you.
The leopard gecko bites you.
* * * LOW HITPOINT WARNING * * *
The leopard gecko barely misses you.
You barely miss the orc. Your bite misses the orc.
The leopard gecko barely misses you.
The orc priest miscasts a cantrip.
The orc hits you but does no damage. The leopard gecko barely misses you.
The orc priest closely misses you. The orc barely misses you.
You slash the orc!
You kill the orc!
The leopard gecko bites you but does no damage.
The leopard gecko barely misses you. The orc priest misses you.
You slash the dart slug!
You kill the dart slug!
The leopard gecko closely misses you.
The orc priest invokes the aid of Beogh against you.
Pain shoots through your body!
You die...

...............#
##....##...####
...............###.........##
##..#...................##.#
#...#..........#......##..#
#)#.######.....##..........
#..#.# #...............###..
#.##.# #.#####..#.......# ..
.. #.# ... #.ol.......# ###
.# #...## ##.@o.....#... #
..# ##..###....#### ...
###..## #....# #. ##...##
..... ∆ #.###..### .l
#..##.## . ##.#..# ##...##
#..###


You could see an orc priest, an orc and a leopard gecko.

Vanquished Creatures
  4 adders
  An ooze (D:2)
  3 dart slugs
  2 orcs (D:3)
  2 giant cockroaches (D:1)
  3 goblins
  14 hobgoblins
  4 jackals (D:2)
  A ball python (D:1)
  11 bats
  3 frilled lizards
  6 kobolds
  6 rats
60 creatures vanquished.

Notes
Turn   | Place    | Note
-------+----------+-------------------------------------------
     0 | D:1      | nicanaca0 the Gnoll Wanderer began the quest for the Orb.
     0 | D:1      | nicanaca0 set off with the following items: a +0
                  | quarterstaff, a +0 robe, a +0 dagger; and the following
                  | spell memorised: Sandblast; and the following spells
                  | available to memorise: Passwall, Stone Arrow, Petrify,
                  | Lee's Rapid Deconstruction
     0 | D:1      | Reached XP level 1. HP: 13/13 MP: 6/6
   613 | D:1      | Reached XP level 2. HP: 18/19 MP: 7/7
  1400 | D:1      | Reached XP level 3. HP: 21/25 MP: 9/9
  1570 | D:2      | Reached skill level 5 in Spellcasting
  1625 | D:2      | Reached skill level 1 in Invocations
  1947 | D:2      | Reached skill level 1 in Fighting
  1947 | D:2      | Reached skill level 1 in Short Blades
  1947 | D:2      | Reached skill level 1 in Long Blades
  1947 | D:2      | Reached skill level 1 in Axes
  1947 | D:2      | Reached skill level 1 in Maces & Flails
  1947 | D:2      | Reached skill level 1 in Staves
  1947 | D:2      | Reached skill level 1 in Slings
  1947 | D:2      | Reached skill level 1 in Bows
  1947 | D:2      | Reached skill level 1 in Crossbows
  1947 | D:2      | Reached skill level 1 in Armour
  1947 | D:2      | Reached skill level 1 in Dodging
  1947 | D:2      | Reached skill level 1 in Shields
  1947 | D:2      | Reached skill level 1 in Unarmed Combat
  1947 | D:2      | Reached skill level 1 in Evocations
  1955 | D:2      | Reached XP level 4. HP: 25/32 MP: 11/11
  3145 | D:3      | Reached skill level 1 in Conjurations
  3145 | D:3      | Reached skill level 1 in Hexes
  3145 | D:3      | Reached skill level 1 in Summonings
  3145 | D:3      | Reached skill level 1 in Necromancy
  3145 | D:3      | Reached skill level 1 in Translocations
  3145 | D:3      | Reached skill level 1 in Fire Magic
  3145 | D:3      | Reached skill level 1 in Ice Magic
  3145 | D:3      | Reached skill level 1 in Air Magic
  3145 | D:3      | Reached skill level 1 in Earth Magic
  3588 | D:3      | Killed from afar by an orc priest

Illustrated notes

Levels and vault maps discovered:
D:1:      onia_arrival_pyramid, layout_basic
D:2:      minmay_wonky_spiral, layout_basic, nicolae_underground_beach
D:3:      layout_rooms

Skill      XL: |  1  2  3  4 |
---------------+-------------+-----
Poison Magic   | 2 |  2.3
Spellcasting   | 5 |  5.1
Invocations    | 1 |  1.4
Fighting       | 1 |  1.2
Short Blades   | 1 |  1.2
Long Blades    | 1 |  1.2
Axes           | 1 |  1.2
Maces & Flails | 1 |  1.2
Staves         | 1 |  1.2
Slings         | 1 |  1.2
Bows           | 1 |  1.2
Crossbows      | 1 |  1.2
Armour         | 1 |  1.2
Dodging        | 1 |  1.2
Shields        | 1 |  1.2
Unarmed Combat | 1 |  1.2
Evocations     | 1 |  1.2
Conjurations   | 1 |  1.0
Hexes          | 1 |  1.0
Summonings     | 1 |  1.0
Necromancy     | 1 |  1.0
Translocations | 1 |  1.0
Fire Magic     | 1 |  1.0
Ice Magic      | 1 |  1.0
Air Magic      | 1 |  1.0
Earth Magic    | 1 |  1.0
Polearms       | |  4.7
Throwing       | |  2.8
Stealth        | |  4.3
Transmutations | |  3.9

Action                   |  1- 3 |  4- 6 || total
-------------------------+-------+-------++-------
Melee: Quarterstaff      |    84 |    69 ||   153
       Bite              |     6 |    17 ||    23
       Bardiche          |       |    36 ||    36
 Cast: Sandblast         |       |     1 ||     1
 Stab: Sleeping          |     8 |     3 ||    11
Armor: Robe              |    33 |    45 ||    78
Dodge: Dodged            |    64 |   104 ||   168

Table legend: (Time is in decaauts)
 A = Elapsed time spent in this place.
 B = Non-inter-level travel time spent in this place.
 C = Inter-level travel time spent in this place.
 D = Time resting spent in this place.
 E = Time spent auto-exploring this place.
 F = Levels seen in this place.
 G = Mean time per level.
                   A        B        C        D        E       F      G
               +--------+--------+--------+--------+--------+-----+--------+
         Total |   3656 |   3612 |     44 |   1315 |   1636 |   3 | 1218.7 |
       Dungeon |   3656 |   3612 |     44 |   1315 |   1636 |   3 | 1218.7 |
               +--------+--------+--------+--------+--------+-----+--------+

Top non-repeatable levels by time:
     D:2: 1611 daAuts
     D:1: 1562 daAuts
     D:3: 482 daAuts
